 Dungeon Crawl Stone Soup version 0.27.1-34-g3ba077fa99 (webtiles) character file.

Game seed: 9689483342335286996

197 halfoni the Chopper (level 6, -3/48 HPs)
             Began as a Human Berserker on Jan 10, 2022.
             Was a Believer of Trog.
             Slain by a river rat (5 damage)
             ... summoned by Eustachio
             ... on level 4 of the Dungeon.
             The game lasted 00:04:47 (3720 turns).

halfoni the Chopper (Human Berserker)               Turns: 3720, Time: 00:04:47

Health: -3/48      AC:  6    Str: 19    XL:     6   Next: 5%
Magic:  6/6        EV: 10    Int:  8    God:    Trog [**....]
Gold:   108        SH:  0    Dex: 12    Spells: 5/5 levels left

rFire    . . .     SeeInvis .   g - +0 hand axe (elec)
rCold    . . .     Faith    .   (no shield)
rNeg     . . .     Spirit   .   i - +0 scale mail
rPois    .         Reflect  .   (no helmet)
rElec    .         Harm     .   (no cloak)
rCorr    .         Rampage  .   (no gloves)
Will     .....                  (no boots)
Stlth    ..........             (no amulet)
HPRegen  0.16/turn              (no ring)
MPRegen  0.10/turn              (no ring)

@: on berserk cooldown, slowed, very slow
A: no striking features
a: Renounce Religion, Berserk, Trog's Hand


You were on level 4 of the Dungeon.
You worshipped Trog.
Trog was pleased with you.
You visited 1 branch of the dungeon, and saw 4 of its levels.

You collected 108 gold pieces.

Inventory:

Hand Weapons
 g - a +0 hand axe of electrocution (weapon)
 o - a +0 war axe
Armour
 i - a +0 scale mail (worn)
Scrolls
 a - a scroll of fog {unknown}
 b - a scroll of enchant weapon {unknown}
 c - a scroll of teleportation {unknown}
 d - a scroll of torment {unknown}
 h - a scroll of magic mapping {unknown}
 k - a scroll of blinking {unknown}
 l - 3 scrolls of identify {unknown}
 n - a scroll of fear {unknown}
Potions
 e - a potion of mutation {unknown}
 f - a potion of resistance {unknown}
 j - a potion of flight {unknown}
 m - a potion of heal wounds {unknown}


   Skills:
 + Level 4.0 Fighting
 + Level 5.0 Axes
 + Level 2.3 Armour
 + Level 2.6 Dodging


You had 5 spell levels left.
You didn't know any spells.
Your spell library was empty.

Dungeon Overview and Level Annotations

Branches:
Dungeon (4/15)
 Temple: D:4-7

Altars:

Annotations:
D:4 Eustachio


Message History

You hit the river rat.
Lightning courses through the river rat!
You kill the river rat!
The river rat's corpse disappears in a puff of smoke!
You completely miss the rat. The rat bites you but does no damage.
Eustachio hits you with a +0 rapier.
* * * LOW HITPOINT WARNING * * *
The river rat barely misses you. The rat closely misses you.
You hit Eustachio but do no damage.
Eustachio is almost dead.
You closely miss the river rat. You hit the rat.
You kill the rat!
The rat's corpse disappears in a puff of smoke!
Eustachio closely misses you.
The river rat bites you but does no damage.
Eustachio hits you with a +0 rapier.
* * * LOW HITPOINT WARNING * * *
You hit Eustachio but do no damage.
Eustachio is almost dead.
You closely miss the river rat. The river rat barely misses you.
Eustachio misses you. The river rat closely misses you.
You hit Eustachio but do no damage.
Eustachio is almost dead.
You closely miss the river rat. Eustachio barely misses you.
The river rat closely misses you.
Eustachio casts a spell.
Eustachio blinks!
You are too injured to fight recklessly!
The river rat bites you.
* * * LOW HITPOINT WARNING * * *
Eustachio mumbles some strange words.
The river rat bites you.
* * * LOW HITPOINT WARNING * * *
Found a fuming dark potion.
Eustachio barely misses you.
Eustachio mumbles some strange words.
Eustachio blinks!
You enter the shallow water.
Moving in this stuff is going to be slow.
The river rat closely misses you. The river rat bites you.
You die...

## ### .. ######## ## ##!.. #.
#.....?. .####.##≈≈.≈≈##..#####
#....#.# .......≈≈≈#≈≈≈... ...#
#.##.#.#
..###≈≈w≈≈≈≈≈≈≈≈###.######.......
...#≈≈≈≈≈≈≈≈≈#≈≈≈#..#.#..#.######
.##w≈#≈≈≈≈≈≈≈#≈≈@rK............#.
.##≈≈≈≈#≈≈≈≈#≈≈≈≈r#.#.#.#..#...##
.#≈≈≈≈≈≈≈≈≈≈≈≈≈≈≈≈≈..............
..≈≈#≈$≈≈.÷.≈#.)@r≈##..........#<
#..≈≈...8.<..8..≈≈..#....).......
###≈≈(..≈.))≈≈≈.≈≈≈...#.#.#....#.
##≈≈≈≈≈≈≈≈≈≈#≈.≈#≈#.#........#.##
###≈≈≈≈##≈≈≈≈≈≈≈≈≈#.#.#.#....#..#
....w≈≈≈≈≈≈#≈≈≈≈≈.#.........)#..#


You could see Eustachio, 2 river rats, a quokka (summoned) and a kobold.

Vanquished Creatures
  A kobold brigand (D:3)
  5 adders
  An ufetubus (D:4)
  6 dart slugs
  An orc (D:4)
  6 endoplasms
  4 giant cockroaches
  5 goblins
  8 hobgoblins
  3 jackals (D:1)
  8 kobolds
  5 ball pythons
  5 bats
  7 frilled lizards
  5 rats
70 creatures vanquished.

Notes
Turn   | Place    | Note
-------+----------+-------------------------------------------
     0 | D:1      | halfoni the Human Berserker began the quest for the Orb.
     0 | D:1      | Reached XP level 1. HP: 18/18 MP: 1/1
   241 | D:1      | Reached XP level 2. HP: 19/24 MP: 2/2
   890 | D:1      | Reached XP level 3. HP: 23/29 MP: 3/3
  1653 | D:1      | Reached ** piety under Trog
  2073 | D:2      | Reached XP level 4. HP: 24/35 MP: 4/4
  2226 | D:2      | Reached skill level 4 in Axes
  2848 | D:3      | Found a faded altar of an unknown god.
  3266 | D:3      | Noticed a kobold brigand
  3273 | D:3      | Killed a kobold brigand
  3274 | D:3      | Reached XP level 5. HP: 42/42 MP: 5/5
  3643 | D:4      | Reached skill level 5 in Axes
  3643 | D:4      | Reached XP level 6. HP: 23/48 MP: 6/6
  3693 | D:4      | Noticed Eustachio
  3718 | D:4      | HP: 1/48 [river rat[Eustachio] (4)]
  3720 | D:4      | Slain by a river rat

Illustrated notes

Levels and vault maps discovered:
D:1:      amcnicky_arrival_blooded_trapdoor, layout_basic, serial_curves,
          eino_curves_01, eino_curves_04
D:2:      layout_basic
D:3:      layout_basic, hellmonk_ecumenical_altar_inner_sanctum
D:4:      kennysheep_slugbush, layout_basic,
          nicolae_gozag_cash_rules_everything_around_me, old_standard_altar,
          gup_sewer_entry_bubbles, grunt_ministairs_14,
          hangedman_abyss_or_decor_lesser_grid, minmay_divided_ellipse,
          uniq_eustachio

Skill      XL: |  1  2  3  4  5 |
---------------+----------------+-----
Axes           | 4 5 |  5.0
Fighting       | 4 |  4.0
Armour         | |  2.3
Dodging        | |  2.6

Action                   |  1- 3 |  4- 6 || total
-------------------------+-------+-------++-------
Melee: Hand axe          |    98 |    87 ||   185
Invok: Berserk           |     1 |     5 ||     6
 Stab: Sleeping          |     2 |       ||     2
Armor: Animal skin       |    17 |       ||    17
       Scale mail        |     3 |    38 ||    41
Dodge: Dodged            |    73 |    56 ||   129
